 Dungeon Crawl Stone Soup version 0.14.1 (webtiles) character file.

334407 E1999 the Slayer (level 21, -2/148 HPs)
             Began as a Gargoyle Berserker on Apr 30, 2014.
             Was the Champion of Trog.
             Killed from afar by a lich (55 damage)
             ... with a shard of ice
             ... on Level 3 of the Depths on May 1, 2014.
             The game lasted 03:41:13 (45151 turns).

E1999 the Slayer (Gargoyle Berserker)              Turns: 45151, Time: 03:41:13

HP  -2/148       AC 52     Str 23      XL: 21   Next: 79%
MP  20/20        EV 12     Int 10      God: Trog [******]
Gold 2151        SH 33     Dex 15      Spells:  0 memorised, 20 levels left

rFire  + . .     SeeInvis +     X - +7,+10 war axe of Pamay {freeze, +Rage rN+ MR++}
rCold  + . .     Clarity  .     P - +2 plate armour {rF+}
rNeg   + + .     Conserve +     f - +3 shield
rPois  +         rCorr    .     G - +2 helmet
rElec  +         rRot     +     j - +2 cloak
SustAb . .       Spirit   .     p - +1 pair of gloves
rMut   .         Warding  .     Z - +2 pair of boots
Saprov . . .     Stasis   .     a - amulet of conservation
MR     +++..                    J - ring of regeneration
                                i - ring of Law {rC+ AC+5 SInv}

@: extremely resistant to hostile enchantments, extremely unstealthy
A: able to fly continuously, large and strong wings, life protection 1,
electricity resistance, unbreathing, petrification resistance, AC +15
a: Fly, Burn Spellbooks, Berserk, Trog's Hand, Brothers in Arms, Renounce
Religion, Evoke Berserk Rage
}: 2/15 runes: decaying, gossamer


You were on level 3 of the Depths.
You worshipped Trog.
Trog was exalted by your worship.
You were not hungry.

You visited 8 branches of the dungeon, and saw 45 of its levels.
You also visited: Labyrinth and Sewer.

You collected 3535 gold pieces.
You spent 1384 gold pieces at shops.

Inventory:

Hand weapons
 e - the +8,+8 sling of the Evening {flame, rC+ Dex+1 Int+3}
   (You took it off an orc on level 10 of the Dungeon)

   It turns projectiles fired from it into bolts of flame.
   It affects your intelligence (+3).
   It affects your dexterity (+1).
   It protects you from cold.
 X - the +7,+10 war axe of Pamay (weapon) {freeze, +Rage rN+ MR++}
   (Trog gifted it to you on level 1 of the Vaults)

   It has been specially enchanted to freeze those struck by it, causing extra
   injury to most foes and up to double damage against particularly susceptible
   opponents.
   It can also slow down cold-blooded creatures.
   It protects you from negative energy.
   It affects your resistance to hostile enchantments.
   It lets you go berserk.
 Y - a +6,+5 demon whip of flaming
Missiles
 D - 16 sling bullets of flame (quivered)
Armour
 f - a +3 shield (worn)
 j - a +2 cloak (worn)
 p - a +1 pair of gloves (worn)
 G - a +2 helmet (worn)
 M - a fire dragon hide
 P - a +2 plate armour of fire resistance (worn)
 U - the +4 ring mail of the Old World {rN+}
   (You found it on level 13 of the Dungeon)

   It protects you from negative energy.
 Z - a +2 pair of boots (worn)
Magical devices
 b - a wand of disintegration (10)
 u - a wand of cold (11)
 y - a wand of hasting (9)
 Q - a wand of digging (0)
 V - a wand of cold (6)
Comestibles
 c - 6 bread rations
 o - 2 honeycombs
 x - 7 strawberries
 H - 7 chunks of yaktaur flesh {@w1}
 L - 7 rotting chunks of fire dragon flesh {@w1}
Scrolls
 g - a scroll of vulnerability
 h - 3 scrolls of fear
 l - 2 scrolls of blinking
 n - 9 scrolls of remove curse
 C - 8 scrolls of fog
 I - a scroll of recharging
 O - 2 scrolls of magic mapping
 R - 13 scrolls of teleportation
 S - 2 scrolls of enchant weapon II
Jewellery
 a - an amulet of conservation (around neck)
 i - the ring of Law (left hand) {rC+ AC+5 SInv}
   (You bought it in a shop on level 4 of the Orcish Mines)

   [ring of protection]

   It affects your AC (+5).
   It protects you from cold.
   It enhances your eyesight.
 m - the amulet of Cekugob {Ward -Tele Hunger rElec rPois rN+ AC+1 EV+1}
   (You found it on level 9 of the Dungeon)

   [amulet of warding]

   It affects your AC (+1).
   It affects your evasion (+1).
   It insulates you from electricity.
   It protects you from poison.
   It protects you from negative energy.
   It prevents most forms of teleportation.
   It speeds your metabolism.
 r - an uncursed ring of protection from cold
 t - an uncursed amulet of resist corrosion
 F - an uncursed amulet of clarity
 J - a ring of regeneration (right hand)
 K - an uncursed ring of positive energy
 N - an uncursed ring of sustenance {unknown}
 T - an uncursed ring of invisibility
 W - an uncursed amulet of resist mutation
Potions
 d - 2 potions of invisibility
 k - 4 potions of agility
 s - 12 potions of curing
 v - 4 potions of restore abilities
 A - 5 potions of heal wounds
 B - a potion of berserk rage
 E - 3 potions of might
Miscellaneous
 q - a disc of storms
 w - a fan of gales
Rods
 z - a +5 rod of the swarm (14/14)
   (You found it on level 8 of the Lair of Beasts)


   Skills:
 - Level 21.0 Fighting
 - Level 16.0 Axes
 - Level 12.6 Maces & Flails
 - Level 15.0 Armour
 + Level 15.1 Dodging
 - Level 2.0 Stealth
 - Level 15.9 Shields


You had 20 spell levels left.
You didn't know any spells.

Dungeon Overview and Level Annotations

Branches:
Dungeon (15/15)            Temple (1/1) D:4             Orc (4/4) D:10
   Lair (8/8) D:9           Swamp (5/5) Lair:6       Spider (5/5) Lair:3
  Slime (0/6) Lair:7       Vaults (4/5) D:13          Blade (0/1) Vaults:3
  Crypt (0/5) Vaults:3     Depths (3/5) D:15
    Elf: Orc:3-4

Altars:
Ashenzari
Dithmenos
Elyvilon
Fedhas
Kikubaaqudgha
Okawaru
Sif Muna
Trog
Vehumet
Xom
Yredelemnul
Zin
The Shining One
Beogh
Jiyva

Shops:
D:15 !   Orc:1 [   Orc:3 =   Orc:4 *}!=!   Vaults:2 %   Vaults:4 *[

Portals:
Hell: Depths:2
Abyss: Depths:1 Depths:2
Pandemonium: Depths:1 Depths:3
Trove: D:12 (give 5 potions of haste)

Annotations:
Swamp:4 Mara
Spider:5 exclusion: 3 doors
Depths:1 1 exclusion
Depths:2 Saint Roka


Innate Abilities, Weirdness & Mutations

You are resistant to torment.
You are immune to poison.
You are immune to rotting.
You can fly continuously.
Your stone body is very resilient (AC +15).
Your wings are large and strong.
You resist negative energy.
You are resistant to electric shocks.
You can survive without breathing.
You are immune to petrification.


Message History

Unknown command.
You barely miss the fire giant.
The fire giant is severely wounded.
The fire giant gestures at you while chanting.
The fireball explodes!
The fireball engulfs you! You resist.
The fireball engulfs the fire giant.
The fire giant resists.
You slice the fire giant!! You freeze the fire giant!
The fire giant is almost dead.
Unknown command.
Unknown command.
You slash the fire giant! You freeze the fire giant.
You kill the fire giant!
Trog accepts your kill.
Trog appreciates your killing of a magic user.
The lich casts a spell at you. The crystal spear hits you!
* * * LOW HITPOINT WARNING * * *
The lich casts a spell at you. The shard of ice hits you! You partially resist.
You die...

.....##)[####
.....####)..#
.....# #...#
###.##
#...#####
###.###
####....#
.).)..#
#....#
#######
#..(.#
#...)######
#####@L...#
#.....#
#.....#
#.....#
#.....#
######.. .


You could see a lich (invisible).

Vanquished Creatures
  Norris (Depths:1)
  Xtahua (Vaults:2)
  Nikola (Vaults:2)
  A titan (Depths:3)
  A lich (Depths:1)
  4 dire elephants
  2 storm dragons
  3 thorn hunters
  A tengu reaver (Vaults:3)
  A sphinx (Vaults:4)
  A shadow dragon (Depths:3)
  An orc warlord (Orc:2)
  4 ghost moths
  4 frost giants
  The ghost of namelastname112 the Severer, a powerful DrBe of Jiyva (Swamp:1)
  3 fire giants
  A deep elf sorcerer (Depths:2)
  8 vault wardens
  4 emperor scorpions
  9 stone giants
  9 rakshasas
  The ghost of 4tharraofdagon the Eclecticist, a powerful DEFE of Vehumet (Swamp:1)
  The ghost of Bloax the Fencer, a powerful VSCK of Xom (Spider:5)
  A vampire knight (Depths:2)
  3 ettins
  5 fire dragons
  5 vault guards
  A deep elf death mage (Vaults:1)
  9 yaktaur captains
  13 ironheart preservers
  Josephine (Orc:2)
  2 spriggan air magi
  2 great orbs of eyes
  8 ice dragons
  3 minotaurs
  10 alligators
  2 shambling mangroves (Swamp:3)
  A ravenous feature mimic (Depths:2)
  10 deep troll shamans
  17 ogre magi
  4 deep troll earth magi
  4 tengu warriors
  2 dancing weapons (Vaults:3)
  11 death yaks
  11 centaur warriors
  A vampire mage (Depths:1)
  21 hydras
  A shock serpent (shapeshifter) (Depths:3)
  A spriggan berserker (Depths:3)
  A sun demon (Depths:2)
  A soul eater (Depths:2)
  A catoblepas (Lair:8)
  9 very ugly things
  6 iron trolls
  A fire crab (shapeshifter) (Depths:3)
  2 giant orange brains (Vaults:1)
  A deep elf knight (Vaults:3)
  12 orb spiders
  29 deep trolls
  2 wizards
  7 swamp dragons
  A spriggan druid (Swamp:5)
  A deep elf summoner (Vaults:1)
  A flayed ghost (Vaults:4)
  8 hill giants
  15 ironbrand convokers
  26 wolf spiders
  3 orc sorcerers
  8 orc knights
  12 harpies
  8 necromancers
  A harpy (shapeshifter) (Vaults:4)
  9 griffons
  A deep elf conjurer (Vaults:1)
  A red wasp (shapeshifter) (D:15)
  A hell beast (Depths:2)
  3 manticores
  5 red wasps
  4 human skeletons
  5 cyclopes
  2 moths of wrath
  11 vault sentinels
  12 elephants
  A stone giant skeleton (Depths:1)
  2 fire giant skeletons (Depths:1)
  A gargoyle (D:13)
  2 feature mimics
  Psyche (D:10)
  5 black mambas
  A spiny frog (shapeshifter) (Vaults:3)
  A vapour (Swamp:2)
  2 kobold demonologists
  2 yaktaurs (shapeshifter)
  14 demonic crawlers
  An iron devil (Vaults:1)
  33 yaktaurs
  3 freezing wraiths
  A spriggan skeleton (Depths:1)
  2 hellwings
  A yaktaur skeleton (Depths:1)
  2 elves (shapeshifter)
  2 tengu conjurers
  5 giant fireflies
  A giant firefly (shapeshifter) (Depths:3)
  29 jumping spiders
  4 deep elf priests
  7 giant leeches
  A raiju (shapeshifter) (D:15)
  3 fire drakes
  13 trolls
  A red devil (Depths:1)
  A queen bee (shapeshifter) (Vaults:1)
  2 wandering mushrooms (D:9)
  A queen bee (Spider:5)
  4 unseen horrors
  7 boggarts
  7 baby alligators
  32 slime creatures
  Pikel (D:8)
  A harpy skeleton (Vaults:1)
  A jumping spider (shapeshifter) (Vaults:1)
  Prince Ribbit (D:7)
  15 blink frogs
  5 bog bodies
  16 ravens
  9 boulder beetles
  A brown ooze (shapeshifter) (Vaults:3)
  An ettin zombie (Depths:2)
  A fire giant simulacrum (Vaults:1)
  26 two-headed ogres
  Joseph (D:7)
  3 komodo dragons
  A wyvern (D:12)
  6 deep elf magi
  4 spriggans
  15 trapdoor spiders
  4 shadows
  2 wraiths
  A thorn lotus (Swamp:4)
  44 redbacks
  A basilisk (Lair:7)
  An elephant slug (Lair:7)
  24 tarantellas
  A hill giant zombie (D:14)
  2 hungry ghosts
  Eustachio (D:7)
  A hog (D:7)
  31 ugly things
  42 vampire mosquitoes
  5 wargs
  A mottled dragon (shapeshifter) (Vaults:1)
  10 wolves
  4 deep elf fighters
  3 deep troll zombies (Vaults:2)
  A spriggan simulacrum (Depths:2)
  19 spiny frogs
  A steam dragon (D:9)
  A human (D:7)
  29 swamp worms
  A mottled dragon (D:13)
  3 polar bears
  24 water moccasins
  2 yellow wasps
  12 hippogriffs
  12 swamp drakes
  An ettin simulacrum (Vaults:2)
  13 ice beasts
  22 spiders
  A necrophage (D:3)
  6 sky beasts
  The ghost of ant87 the Chucker, an average TrHu (Sewer)
  5 human zombies
  3 black bears
  27 yaks
  65 ogres
  A boring beetle (shapeshifter) (D:13)
  Duvessa (D:5)
  36 orc warriors
  17 centaurs
  An ogre simulacrum (Vaults:1)
  3 yaktaur zombies
  A cyclops zombie (D:11)
  18 crocodiles
  12 giant goldfish
  14 giant slugs
  6 porcupines
  An eye of draining (D:12)
  16 giant frogs
  5 scorpions
  An eye of draining (shapeshifter) (Vaults:1)
  29 killer bees
  The ghost of ant87 the Chucker, a weakling TrHu (D:4)
  A troll zombie (D:9)
  A warg zombie (Depths:2)
  8 sharks
  Dowan (D:5)
  9 electric eels
  A quasit (D:6)
  6 crimson imps
  16 wights
  A giant frog zombie (D:10)
  3 jellies
  Crazy Yiuf (D:5)
  A basilisk zombie (D:13)
  21 orc priests
  9 hounds
  An iron imp (Vaults:1)
  25 orc wizards
  A centaur skeleton (D:12)
  Sigmund (D:7)
  A basilisk skeleton (D:12)
  An elf skeleton (D:10)
  A worker ant (shapeshifter) (D:15)
  12 iguanas
  7 big fish
  8 worker ants
  2 yak simulacra (Lair:7)
  2 polar bear simulacra (Lair:7)
  42 sheep
  A mottled dragon zombie (D:11)
  An ogre zombie (Vaults:3)
  2 hound zombies (D:11)
  A hound skeleton (D:3)
  A mummy (D:10)
  17 gnolls
  23 adders
  8 goliath beetles
  72 green rats
  9 worms
  6 shadow imps
  4 giant mites
  An adder skeleton (D:6)
  2 orc skeletons
  4 giant eyeballs
  An ooze (D:1)
  142 orcs
  A bat skeleton (D:4)
  17 goblins
  17 hobgoblins
  17 jackals
  16 kobolds
  15 quokkas
  A ball python (D:4)
  22 bats
  6 giant cockroaches
  A giant cockroach zombie (D:6)
  8 giant geckos
  3 giant newts
  A giant spore (D:11)
  2 goblin skeletons
  7 green rat simulacra (Lair:7)
  A hobgoblin skeleton (D:6)
  A hobgoblin zombie (Orc:2)
  3 orc simulacra (Orc:2)
  4 orc zombies
  13 rats
  7 ballistomycetes
  3 briar patches
  8 fungi
  6 plants
1973 creatures vanquished.

Vanquished Creatures (collateral kills)
  A ghost moth (Spider:5)
  Aizul (Spider:4)
  3 emperor scorpions (Spider:5)
  8 hydras
  3 death yaks (Lair:8)
  A deep troll (Swamp:5)
  A spriggan druid (Swamp:5)
  4 orb spiders
  2 swamp dragons (Swamp:5)
  A red wasp (Spider:5)
  A wolf spider (Spider:4)
  A spiny frog (Lair:8)
  3 yaks (Lair:8)
  3 swamp drakes (Swamp:5)
  A yellow wasp (Spider:5)
  A spider (Spider:4)
35 creatures vanquished.

Vanquished Creatures (others)
  4 stone giants
  3 iron trolls
  An orb spider (Spider:4)
  2 hill giants
  A tengu conjurer (Depths:1)
  A boggart (Depths:2)
  5 trolls
  An air elemental (Swamp:1)
  A redback (Spider:4)
  A vampire mosquito (Spider:5)
  2 yellow wasps (Spider:1)
  An ogre (Depths:1)
  A boring beetle (Spider:4)
  6 killer bees
  A scorpion (Spider:5)
  A goliath beetle (shapeshifter) (Depths:3)
  An orc priest (D:8)
  A worker ant (Spider:5)
  2 orcs
  A giant spore (D:14)
  2 butterflies
  6 fungi
45 creatures vanquished.

Grand Total: 2053 creatures vanquished

Notes
Turn   | Place    | Note
--------------------------------------------------------------
     0 | D:1      | E1999, the Gargoyle Berserker, began the quest for the Orb.
     0 | D:1      | Reached XP level 1. HP: 14/14 MP: 1/1
   154 | D:1      | Reached XP level 2. HP: 17/19 MP: 2/2
   727 | D:2      | Reached XP level 3. HP: 21/23 MP: 3/3
   888 | D:2      | Found an iron altar of Okawaru.
  1056 | D:2      | Acquired Trog's second power
  1073 | D:2      | Reached skill level 4 in Axes
  1279 | D:2      | Found a bloodstained altar of Trog.
  1408 | D:3      | HP: 1/34 [orc/flail (2)]
  1601 | D:3      | Reached XP level 4. HP: 19/28 MP: 4/4
  1730 | D:3      | Reached skill level 5 in Axes
  1730 | D:3      | Reached XP level 5. HP: 30/32 MP: 5/5
  1791 | D:3      | Reached skill level 1 in Stealth
  2028 | D:3      | Noticed a necrophage
  2037 | D:3      | Killed a necrophage
  2037 | D:3      | Reached skill level 6 in Axes
  2037 | D:3      | Reached XP level 6. HP: 32/37 MP: 6/6
  2298 | D:4      | Found a glowing silver altar of Zin.
  2657 | D:4      | Noticed ant87's ghost (weakling TrHu)
  2667 | D:4      | Killed ant87's ghost
  2667 | D:4      | Reached XP level 7. HP: 41/41 MP: 7/7
  2903 | D:4      | Reached skill level 7 in Axes
  3178 | D:4      | Found a staircase to the Ecumenical Temple.
  3184 | Temple   | Entered the Ecumenical Temple
  3395 | D:5      | Entered Level 5 of the Dungeon
  3395 | D:5      | Found a shimmering altar of Xom.
  3395 | D:5      | Noticed Duvessa
  3395 | D:5      | Noticed Dowan
  3451 | D:5      | Found a shattered altar of Ashenzari.
  3491 | D:5      | Killed Duvessa
  3501 | D:5      | Killed Dowan
  3804 | D:5      | Reached skill level 8 in Axes
  3819 | D:5      | Acquired Trog's third power
  4048 | D:5      | Noticed Crazy Yiuf
  4049 | D:5      | Got an ancient hammer
  4090 | D:5      | Killed Crazy Yiuf
  4090 | D:5      | Reached XP level 8. HP: 46/46 MP: 8/8
  4139 | D:5      | Identified the +8,+3 hammer of Hatred {drain, rC+} (You found it on level 5 of the Dungeon)
  4236 | D:6      | Reached skill level 1 in Maces & Flails
  4332 | D:6      | Found a glowing drain.
  4374 | Sewer    | Entered a sewer
  4374 | Sewer    | Noticed ant87's ghost (average TrHu)
  4390 | Sewer    | Killed ant87's ghost
  4390 | Sewer    | Reached skill level 5 in Maces & Flails
  4640 | D:6      | Found a deep blue altar of Sif Muna.
  4640 | D:6      | Found a glowing golden altar of the Shining One.
  4640 | D:6      | Found a basalt altar of Yredelemnul.
  4704 | D:6      | Found a basalt altar of Yredelemnul.
  5207 | D:7      | Reached skill level 9 in Maces & Flails
  5221 | D:7      | Reached XP level 9. HP: 51/51 MP: 9/9
  5245 | D:7      | Reached skill level 10 in Maces & Flails
  5291 | D:7      | Noticed Joseph
  5405 | D:7      | Killed Joseph
  5600 | D:7      | Noticed Prince Ribbit
  5618 | D:7      | Killed Prince Ribbit
  5618 | D:7      | Reached skill level 11 in Maces & Flails
  5708 | D:7      | Got a shimmering robe
  5722 | D:7      | Identified the +2 robe of the Orb Guardian {rF+} (You found it on level 7 of the Dungeon)
  5811 | D:7      | Noticed Eustachio
  5829 | D:7      | Killed Eustachio
  5852 | D:7      | Noticed Sigmund
  5868 | D:7      | Killed Sigmund
  5885 | D:7      | Found a shattered altar of Ashenzari.
  5890 | D:7      | Saw a vision of the Swamp and the Spider Nest.
  5890 | D:7      | Noticed an alligator
  6291 | D:8      | Reached skill level 12 in Maces & Flails
  6361 | D:8      | Reached XP level 10. HP: 56/56 MP: 10/10
  6439 | D:8      | Found a blossoming altar of Fedhas.
  6641 | D:8      | Noticed Pikel
  6683 | D:8      | Killed Pikel
  6772 | D:8      | Reached skill level 5 in Shields
  6889 | D:8      | Found a shadowy altar of Dithmenos.
  7111 | D:9      | Found a staircase to the Lair.
  7152 | Lair:1   | Entered Level 1 of the Lair of Beasts
  7226 | Lair:1   | Identified a scroll of acquirement
  7229 | Lair:1   | Got a jewelled buckler
  7236 | Lair:1   | Identified the -7 buckler "Bisul" {Dex+3 Int+1} (You acquired it on level 1 of the Lair of Beasts)
  7236 | Lair:1   | ....
  7295 | Lair:1   | Received a gift from Trog
  7402 | Lair:1   | Reached skill level 5 in Fighting
  7586 | Lair:1   | Reached skill level 5 in Armour
  7871 | Lair:2   | Noticed an elephant
  7887 | Lair:2   | Noticed an elephant
  7888 | Lair:2   | Killed an elephant
  7898 | Lair:2   | Killed an elephant
  7906 | Lair:2   | Noticed an elephant
  7944 | Lair:2   | Killed an elephant
  7944 | Lair:2   | Reached XP level 11. HP: 62/66 MP: 11/11
  7945 | Lair:2   | Noticed an elephant
  7959 | Lair:2   | Killed an elephant
  8166 | Lair:2   | Noticed a black mamba
  8180 | Lair:2   | Killed a black mamba
  8806 | Lair:2   | Noticed a five-headed hydra
  8818 | Lair:2   | Killed a five-headed hydra
  8898 | Lair:2   | You fall through a shaft!
  9165 | Lair:3   | Received a gift from Trog
  9371 | Lair:3   | Noticed a seven-headed hydra
  9383 | Lair:3   | Killed a seven-headed hydra
  9756 | Lair:3   | Found a hole to the Spider Nest.
 10044 | Lair:3   | Found a basalt altar of Yredelemnul.
 10672 | Lair:4   | Received a gift from Trog
 10780 | Lair:4   | Reached skill level 10 in Fighting
 10806 | Lair:4   | Reached XP level 12. HP: 77/77 MP: 12/12
 11109 | Lair:4   | Reached skill level 10 in Armour
 11464 | Lair:5   | Noticed a six-headed hydra
 11475 | Lair:5   | Killed a six-headed hydra
 11707 | Lair:5   | Found a labyrinth entrance.
 11733 | Lab      | Entered a labyrinth
 12626 | Lab      | Noticed a minotaur
 12638 | Lab      | Killed a minotaur
 12689 | Lair:5   | Received a gift from Trog
 12884 | Lair:5   | Noticed a five-headed hydra
 12895 | Lair:5   | Killed a five-headed hydra
 13439 | Lair:6   | Reached skill level 10 in Axes
 13946 | Lair:6   | Found a staircase to the Swamp.
 14133 | Lair:7   | Received a gift from Trog
 14197 | Lair:7   | Found a viscous altar of Jiyva.
 14203 | Lair:7   | Found a staircase to the Slime Pits.
 14292 | Lair:7   | Reached XP level 13. HP: 84/84 MP: 13/13
 14335 | Lair:7   | Reached skill level 13 in Axes
 14743 | Lair:8   | Entered Level 8 of the Lair of Beasts
 14929 | Lair:8   | Received a gift from Trog
 15539 | Lair:8   | Reached skill level 14 in Axes
 15964 | Lair:8   | Received a gift from Trog
 16027 | Lair:8   | Reached skill level 15 in Axes
 16314 | Lair:8   | Gained mutation: Your wings are large and strong. [gargoyle growth]
 16314 | Lair:8   | Reached XP level 14. HP: 90/90 MP: 14/14
 16571 | Lair:1   | Identified a +5 rod of the swarm (14/14) (You found it on level 8 of the Lair of Beasts)
 16572 | Lair:1   | Identified a +4 rod of striking (12/12) (You found it in a labyrinth)
 16694 | D:9      | Paralysed by a giant eyeball for 4 turns
 17209 | D:10     | Entered Level 10 of the Dungeon
 17309 | D:10     | Noticed Psyche
 17314 | D:10     | Paralysed by Psyche for 6 turns
 17321 | D:10     | Killed Psyche
 17365 | D:10     | Found a bloodstained altar of Trog.
 17409 | D:10     | Received a gift from Trog
 17426 | D:10     | Got an ebony sling
 17427 | D:10     | Identified the +8,+8 sling of the Evening {flame, rC+ Dex+1 Int+3} (You took it off an orc on level 10 of the Dungeon)
 17440 | D:10     | Found a staircase to the Orcish Mines.
 17523 | Orc:1    | Entered Level 1 of the Orcish Mines
 17523 | Orc:1    | Found a roughly hewn altar of Beogh.
 17591 | Orc:1    | Found Ponuink's Armour Boutique.
 18042 | Orc:2    | Reached skill level 16 in Axes
 18088 | Orc:2    | Noticed Josephine
 18091 | Orc:2    | Noticed an orc warlord
 18098 | Orc:2    | Killed Josephine
 18103 | Orc:2    | Killed an orc warlord
 18229 | Orc:3    | Received a gift from Trog
 18407 | Orc:3    | Found Amuicvan's Jewellery Boutique.
 18543 | Orc:4    | Entered Level 4 of the Orcish Mines
 18545 | Orc:4    | Found Siniju's General Store.
 18656 | Orc:4    | Found Cerup's Gadget Shop.
 18821 | Orc:4    | Found Priugh's Jewellery Shoppe.
 18955 | Orc:4    | Found Blit's Distillery.
 19053 | Orc:4    | Found Bloigalu's Distillery.
 19249 | Orc:4    | Received a gift from Trog
 19558 | Orc:4    | Bought a potion of heal wounds for 36 gold pieces
 19575 | Orc:4    | Bought the ring of Law {rC+ AC+5 SInv} for 1244 gold pieces
 21104 | D:12     | Found a portal to a secret trove of treasure.
 21331 | D:12     | Received a gift from Trog
 21354 | D:12     | Reached XP level 15. HP: 100/100 MP: 9/15
 21369 | D:12     | Found a white marble altar of Elyvilon.
 21709 | D:13     | Got a twisted ring mail
 21726 | D:13     | Identified the +4 ring mail of the Old World {rN+} (You found it on level 13 of the Dungeon)
 22176 | D:13     | Reached skill level 10 in Shields
 22186 | D:13     | Received a gift from Trog
 22460 | D:13     | Found a gate to the Vaults.
 22857 | D:14     | Found a frozen archway.
 23344 | D:14     | Received a gift from Trog
 23917 | Spider:1 | Entered Level 1 of the Spider Nest
 24947 | Spider:1 | Reached skill level 15 in Fighting
 25297 | Spider:2 | Received a gift from Trog
 25798 | Spider:2 | Reached XP level 16. HP: 100/110 MP: 16/16
 26064 | Spider:3 | Got a slimy mace
 26278 | Spider:3 | Received a gift from Trog
 26860 | Spider:4 | Noticed Aizul
 26902 | Spider:4 | Killed Aizul
 26902 | Spider:4 | Reached skill level 17 in Fighting
 27206 | Spider:4 | Received a gift from Trog
 27810 | Spider:5 | Entered Level 5 of the Spider Nest
 27931 | Spider:5 | Reached skill level 18 in Fighting
 28274 | Spider:5 | Noticed Bloax's ghost (powerful VSCK)
 28298 | Spider:5 | Killed Bloax's ghost
 28590 | Spider:5 | Received a gift from Trog
 28898 | Spider:5 | Reached skill level 19 in Fighting
 29050 | Spider:5 | Reached XP level 17. HP: 122/122 MP: 4/17
 29113 | Spider:5 | Got a gossamer rune of Zot
 29658 | Swamp:1  | Entered Level 1 of the Swamp
 29658 | Swamp:1  | Noticed namelastname112's ghost (powerful DrBe)
 29674 | Swamp:1  | Killed namelastname112's ghost
 29728 | Swamp:1  | Found a radiant altar of Vehumet.
 29919 | Swamp:1  | Noticed 4tharraofdagon's ghost (powerful DEFE)
 29927 | Swamp:1  | Killed 4tharraofdagon's ghost
 29999 | Swamp:1  | Received a gift from Trog
 30023 | Swamp:1  | Reached skill level 20 in Fighting
 31557 | Swamp:3  | Received a gift from Trog
 31913 | Swamp:3  | Reached skill level 21 in Fighting
 32373 | Swamp:4  | Noticed Mara
 32416 | Swamp:5  | Entered Level 5 of the Swamp
 32614 | Swamp:5  | Got a garnet-encrusted ring mail
 32615 | Swamp:5  | Identified the +3 ring mail "Qomma" {+Rage rPois Str+2} (You found it on level 5 of the Swamp)
 32890 | Swamp:5  | Reached XP level 18. HP: 120/132 MP: 18/18
 33009 | Swamp:5  | Got a decaying rune of Zot
 33710 | Vaults:1 | Entered Level 1 of the Vaults
 33877 | Vaults:1 | Received a gift from Trog
 34517 | Vaults:1 | Received a gift from Trog
 34525 | Vaults:1 | Got a crystal war axe {god gift}
 34526 | Vaults:1 | Identified the +7,+10 war axe of Pamay {freeze, +Rage rN+ MR++} (Trog gifted it to you on level 1 of the Vaults)
 35840 | Vaults:2 | Received a gift from Trog
 35911 | Vaults:2 | Noticed Xtahua
 35921 | Vaults:2 | Killed Xtahua
 36110 | Vaults:2 | Reached XP level 19. HP: 56/137 MP: 18/18
 36259 | Vaults:2 | Reached skill level 15 in Shields
 36640 | Vaults:2 | Received a gift from Trog
 36863 | Vaults:2 | Found Thing's Food Boutique.
 37244 | Vaults:2 | Noticed Nikola
 37255 | Vaults:2 | Killed Nikola
 37535 | Vaults:3 | Reached skill level 15 in Armour
 37697 | Vaults:3 | Received a gift from Trog
 37789 | Vaults:3 | Found a staircase to the Hall of Blades.
 38498 | Vaults:3 | Reached skill level 5 in Dodging
 38796 | Vaults:3 | Found a staircase to the Crypt.
 38796 | Vaults:3 | Found an ancient bone altar of Kikubaaqudgha.
 38797 | Vaults:3 | Found a basalt altar of Yredelemnul.
 39117 | Vaults:4 | Found Mnap's Armour Emporium.
 39177 | Vaults:4 | Received a gift from Trog
 39259 | Vaults:4 | Reached XP level 20. HP: 85/144 MP: 19/19
 39277 | Vaults:4 | Found Pleythreocs' Assorted Antiques.
 39332 | Vaults:4 | Bought a copper wand for 104 gold pieces
 40199 | Vaults:4 | Reached skill level 10 in Dodging
 40629 | D:15     | Entered Level 15 of the Dungeon
 40742 | D:15     | Received a gift from Trog
 40835 | D:15     | Found Neib's Distillery.
 41142 | D:15     | Found a shadowy altar of Dithmenos.
 41300 | D:15     | Found a staircase to the Depths.
 41313 | Depths:1 | Entered Level 1 of the Depths
 41404 | Depths:1 | Received a gift from Trog
 41563 | Depths:1 | Found a one-way gate leading to the halls of Pandemonium.
 42007 | Depths:1 | Found a one-way gate to the infinite horrors of the Abyss.
 42040 | Depths:1 | Noticed Norris
 42064 | Depths:1 | Killed Norris
 42349 | Depths:1 | Reached XP level 21. HP: 128/148 MP: 20/20
 42499 | Depths:1 | Received a gift from Trog
 43350 | Depths:2 | Noticed Saint Roka
 43411 | Depths:2 | Noticed a golden dragon
 43647 | Depths:2 | Paralysed by a giant eyeball for 3 turns
 43656 | Depths:2 | Paralysed by a giant eyeball for 3 turns
 43881 | Depths:2 | Paralysed by a giant eyeball for 4 turns
 44145 | Depths:2 | Paralysed by a giant eyeball for 2 turns
 44153 | Depths:2 | Found a gateway to Hell.
 44362 | Depths:2 | Received a gift from Trog
 45122 | Depths:3 | Reached skill level 15 in Dodging
 45151 | Depths:3 | Killed from afar by a lich

Action                   |  1- 3 |  4- 6 |  7- 9 | 10-12 | 13-15 | 16-18 | 19-21 || total
-------------------------+-------+-------+-------+-------+-------+-------+-------++-------
Melee: Hand axe          |    81 |       |       |       |       |       |       ||    81
       War axe           |    27 |   171 |   101 |       |       |   263 |  2118 ||  2680
       Hammer            |       |       |   360 |  1087 |       |       |       ||  1447
       Broad axe         |       |       |       |   207 |  1125 |    14 |       ||  1346
       Great sword       |       |       |       |     1 |       |       |       ||     1
       Demon whip        |       |       |       |       |   620 |  2021 |    16 ||  2657
 Fire: Sling             |       |       |       |       |    14 |    14 |     2 ||    30
Throw: Stone             |       |       |       |       |     1 |       |       ||     1
Invok: Berserk           |     2 |     1 |     9 |    10 |     6 |    10 |    13 ||    51
       Trog's Hand       |       |     2 |       |       |       |     1 |     1 ||     4
       Brothers in Arms  |       |       |       |       |     5 |    16 |       ||    21
 Abil: Fly               |       |       |       |       |     1 |       |     1 ||     2
       Stop Flying       |       |       |       |       |       |       |     2 ||     2
Evoke: Wand              |       |       |     5 |     8 |     3 |     7 |     3 ||    26
       Rod               |       |       |       |       |     4 |     8 |       ||    12
       Deck              |       |       |       |       |       |     2 |       ||     2
       Fan of gales      |       |       |       |       |       |     1 |     2 ||     3
  Use: Scroll            |       |       |    19 |     7 |    14 |    28 |     9 ||    77
       Potion            |       |       |       |       |     1 |    12 |     8 ||    21
 Stab: Distracted        |       |       |       |       |     3 |     1 |     1 ||     5
       Sleeping          |       |       |       |       |     2 |     1 |       ||     3
